 Dungeon Crawl Stone Soup version 0.30-a0-165-g1891117ce2 (webtiles) character file.

Game seed: 5100934348818760863

2395 qw the Cleaver (level 9, -6/56 HPs)
             Began as a Gargoyle Fighter on Sept 28, 2022.
             Mangled by a wyvern (10 damage)
             ... on level 8 of the Dungeon.
             The game lasted 00:02:37 (7759 turns).

qw the Cleaver (Gargoyle Fighter)                   Turns: 7759, Time: 00:02:37

Health: -6/56      AC: 25    Str: 24    XL:     9   Next: 46%
Magic:  9/9        EV:  6    Int:  9    God:
Gold:   599        SH:  4    Dex:  9    Spells: 8/8 levels left

rFire   . . .      SeeInvis .    Y - +2 war axe
rCold   + . .      Faith    .    c - +0 buckler
rNeg    + . .      Spirit   .    f - +0 plate armour
rPois   inf        Reflect  .    o - +0 helmet
rElec   +          Harm     .    p - +0 cloak
rCorr   .          Rampage  .    (no gloves)
Will    .....                    (no boots)
Stlth   ..........               (no amulet)
HPRegen 0.18/turn                n - ring of protection from cold
MPRegen 0.11/turn                q - +4 ring of protection

@: no status effects
A: sickness immunity, AC +6, negative energy resistance 1, electricity
resistance, torment resistance 1, petrification resistance
a: no special abilities


You were on level 8 of the Dungeon.
You visited 2 branches of the dungeon, and saw 9 of its levels.

You collected 599 gold pieces.


Innate Abilities, Weirdness & Mutations

You are immune to sickness and miasma.
Your stone body is resilient. (AC +6)
You are immune to poison.
You resist negative energy. (rN+)
You are resistant to electric shocks. (rElec)
You are resistant to unholy torment.
You are immune to petrification.


   Skills:
 - Level 6.4 Fighting
 - Level 9.1 Axes
 - Level 2.2 Throwing
 + Level 5.7 Armour
 - Level 1.1 Dodging
 - Level 4.0 Shields


You had 8 spell levels left.
You didn't know any spells.
Your spell library was empty.

Inventory:

Hand Weapons
 a - a +0 hand axe of flaming
 Y - a +2 war axe (weapon)
Missiles
 i - 2 javelins (quivered)
Armour
 c - a +0 buckler (worn)
 f - a +0 plate armour (worn)
 o - a +0 helmet (worn)
 p - a +0 cloak (worn)
Jewellery
 n - a ring of protection from cold (left hand)
 q - a +4 ring of protection (right hand)
Scrolls
 j - a scroll of noise {unknown}
 l - 4 scrolls of identify
Potions
 b - a potion of haste
 d - 5 potions of might
 e - a potion of cancellation
 g - 3 potions of attraction
 h - 4 potions of curing
 m - 3 potions of lignification

Dungeon Overview and Level Annotations

Branches:
Dungeon (8/15)             Temple (1/1) D:4            Lair (0/5) D:8

Altars:
Cheibriados
Dithmenos
Elyvilon
Fedhas
Gozag
Hepliaklqana
Makhleb
Qazlal
Ru
Sif Muna
Trog
Uskayaw
Vehumet
Wu Jian
Xom
Yredelemnul
Zin
The Shining One

Shops:
D:8 (

Annotations:
D:4 2 runed translucent doors, qw's ghost, amateur GrFi
D:6 1 runed translucent door, Crazy Yiuf


Message History

7756 ||| DRINKING potion of heal wounds.
You feel much better.
A nearby plant withers and dies.
The wyvern bites you but does no damage.
You block the water moccasin's attack.
The gnoll hits you from afar with a +0 halberd.
The yak gores the plant!
The plant begins to die.
You block the iguana's attack. The yak gores you.
The yak snorts and paws the ground.
The yak completely misses you. The wyvern bites you!
The water moccasin barely misses you.
You hit the yak.
The yak is severely wounded.
You barely miss the iguana. You closely miss the wyvern.
You barely miss the yak. You closely miss the water moccasin.
The gnoll barely misses you.
The yak gores the plant!
The yak gores you but does no damage.
The iguana bites you but does no damage.
The yak gores you! The wyvern closely misses you.
The water moccasin bites you but does no damage.
You hit the yak.
The yak is severely wounded.
You barely miss the yak. You slash the water moccasin!
You barely miss the iguana. You hit the wyvern but do no damage.
A nearby plant withers and dies.
The wyvern bites you but does no damage.
The water moccasin bites you but does no damage.
The yak gores the plant!
The yak gores you. You block the iguana's attack.
The yak gores you but does no damage. The gnoll hits you but does no damage.
The wyvern bites you but does no damage.
You block the water moccasin's attack. The yak gores you but does no damage.
The iguana barely misses you. The yak gores you but does no damage.
The yak gores the plant.
The gnoll hits you from afar with a +0 halberd.
You slash the yak!
You kill the yak!
You completely miss the yak. You slash the water moccasin!
You hit the iguana but do no damage. You hit the wyvern. The wyvern bites you!
You die...

P...P.>.PP....#
.....P....P....#
.........P...P.#
#.........P.....
#.(...PYYP.(.P#
#....#
##.PP.Y.Sl...#
#....#
......7lSYl.#
#....#
##....gl@S#
#....#
........####
#....#
.......+...####
#....####
...########...#
#....##.. ..
###.###.......#
#....##.###..
####)##.# #.#
#.##.# #.#
#.>..# #.#


You could see 4 yaks, 3 water moccasins, 2 wyverns, 2 iguanas and a gnoll.

Vanquished Creatures
  Grinder (D:3)
  Sigmund (D:5)
  A yak (D:8)
  2 water moccasins
  A sky beast (D:6)
  2 black bears (D:5)
  An ogre (D:6)
  A bullfrog (D:7)
  A necrophage (D:5)
  2 scorpions
  8 wights
  4 killer bees (D:6)
  2 howler monkeys
  3 hounds
  3 jellies
  An orc priest (D:7)
  A gnoll bouda (D:6)
  An iguana (D:5)
  An orc wizard (D:7)
  Robin (D:3)
  11 gnolls
  5 adders
  2 worms (D:3)
  8 orcs
  7 ball pythons
  7 endoplasms
  9 giant cockroaches
  17 goblins
  5 hobgoblins
  6 jackals
  3 quokkas
  2 bats
  4 frilled lizards
  8 kobolds
  5 rats
137 creatures vanquished.

Vanquished Creatures (others)
  2 fungi (D:8)
  6 plants
8 creatures vanquished.

Grand Total: 145 creatures vanquished

Notes
Turn   | Place    | Note
-------+----------+-------------------------------------------
     0 | D:1      | qw the Gargoyle Fighter began the quest for the Orb.
     0 | D:1      | Reached XP level 1. HP: 14/14 MP: 1/1
     0 | D:1      | 0 ||| qw: Version: 0.2-a-12-gaebbb33
     0 | D:1      | 0 ||| qw: Game counter: 929
     0 | D:1      | 0 ||| qw: Always use a shield: true
     0 | D:1      | 0 ||| qw: God list: Okawaru
     0 | D:1      | 0 ||| qw: Allow faded altars: false
     0 | D:1      | 0 ||| qw: Do Orc after D:15 true
     0 | D:1      | 0 ||| qw: Do second Lair branch before Depths: true
     0 | D:1      | 0 ||| qw: Lair rune preference: random
     0 | D:1      | 0 ||| qw: Plans: Normal, Zot:1-4, God:TSO, Crypt, Tomb,
                  | Pan, Slime:5, Hells, Abyss, Orb
     0 | D:1      | 0 ||| PLANNING D:1-11
    20 | D:1      | 20 ||| Stepping ~*~*~tactically~*~*~ (stealth).
    21 | D:1      | 21 ||| Stepping ~*~*~tactically~*~*~ (stealth).
    26 | D:1      | Reached skill level 2 in Axes
    92 | D:1      | Reached XP level 2. HP: 19/19 MP: 2/2
   222 | D:1      | 222 ||| Stepping ~*~*~tactically~*~*~ (stealth).
   257 | D:1      | 257 ||| Stepping ~*~*~tactically~*~*~ (stealth).
   264 | D:1      | 264 ||| Stepping ~*~*~tactically~*~*~ (stealth).
   265 | D:1      | 265 ||| Stepping ~*~*~tactically~*~*~ (stealth).
   699 | D:1      | 699 ||| UPGRADING to +0 plate armour.
   709 | D:1      | 709 ||| DROPPING +0 scale mail.
   710 | D:1      | 710 ||| READING 2 scrolls labelled PODYOSH OGOFA.
   711 | D:1      | 711 ||| READING scroll labelled URHONTI ZUJA YJI.
   712 | D:1      | 712 ||| READING scroll labelled VANKEX YW QIHE.
   713 | D:1      | 713 ||| DROPPING scroll of fear.
   760 | D:2      | Reached skill level 3 in Axes
   760 | D:2      | Reached XP level 3. HP: 11/23 MP: 3/3
   760 | D:2      | HP: 5/23 [gnoll/+0 flail (6)]
   761 | D:2      | HP: 2/23 [gnoll/+0 flail (3)]
   783 | D:2      | 783 ||| FLEEEEING.
   784 | D:2      | 784 ||| FLEEEEING.
   785 | D:2      | 785 ||| FLEEEEING.
   786 | D:2      | 786 ||| FLEEEEING.
   787 | D:2      | 787 ||| FLEEEEING.
   788 | D:2      | 788 ||| FLEEEEING.
   789 | D:2      | 789 ||| FLEEEEING.
   790 | D:2      | 790 ||| FLEEEEING.
   791 | D:2      | 791 ||| FLEEEEING.
   792 | D:2      | 792 ||| FLEEEEING.
   793 | D:2      | 793 ||| STAIRDANCE
  1064 | D:2      | Reached XP level 4. HP: 16/28 MP: 4/4
  1197 | D:2      | 1197 ||| DROPPING +0 whip.
  1587 | D:2      | Reached skill level 4 in Axes
  1878 | D:2      | 1878 ||| Stepping ~*~*~tactically~*~*~ (hiding).
  1899 | D:2      | HP: 6/28 [gnoll/+0 spear (4)]
  2175 | D:2      | Reached XP level 5. HP: 32/32 MP: 5/5
  2400 | D:2      | 2400 ||| READING 2 scrolls labelled KIRUKL MUEGH.
  2401 | D:2      | 2401 ||| DRINKING 2 inky potions.
  2402 | D:2      | 2402 ||| DROPPING scroll of butterflies.
  2436 | D:3      | 2436 ||| STAIRDANCE
  2560 | D:3      | Noticed Robin
  2564 | D:3      | 2564 ||| Stepping ~*~*~tactically~*~*~ (stealth).
  2571 | D:3      | Killed Robin
  2871 | D:3      | 2871 ||| Stepping ~*~*~tactically~*~*~ (stealth).
  2872 | D:3      | 2872 ||| Stepping ~*~*~tactically~*~*~ (stealth).
  2889 | D:3      | Reached skill level 5 in Axes
  3031 | D:3      | Noticed Grinder
  3032 | D:3      | 3032 ||| Stepping ~*~*~tactically~*~*~ (stealth).
  3035 | D:3      | 3035 ||| Stepping ~*~*~tactically~*~*~ (stealth).
  3048 | D:3      | Killed Grinder
  3049 | D:3      | Reached XP level 6. HP: 34/40 MP: 6/6
  3270 | D:3      | 3270 ||| FLEEEEING.
  3271 | D:3      | 3271 ||| FLEEEEING.
  3407 | D:3      | 3407 ||| UPGRADING to +0 helmet.
  3412 | D:3      | 3412 ||| UPGRADING to +0 cloak.
  3417 | D:3      | 3417 ||| READING scroll labelled DUAC RELYPHEVALI.
  3418 | D:3      | 3418 ||| READING 4 scrolls labelled DEMACE WIGAAK.
  3478 | D:3      | 3478 ||| DRINKING 2 sapphire potions.
  3479 | D:3      | 3479 ||| DRINKING 3 emerald potions.
  3480 | D:3      | 3480 ||| DRINKING 3 sedimented coppery potions.
  3532 | D:3      | 3532 ||| READING 3 scrolls of identify.
  3532 | D:3      | 3532 ||| IDENTIFYING brown potion
  3533 | D:3      | 3533 ||| READING 2 scrolls of identify.
  3533 | D:3      | 3533 ||| IDENTIFYING smoky black potion
  3534 | D:3      | 3534 ||| DROPPING potion of ambrosia.
  3535 | D:3      | 3535 ||| DROPPING 3 scrolls of torment.
  3572 | D:4      | Found a staircase to the Ecumenical Temple.
  3573 | D:4      | 3573 ||| PLANNING TEMPLE
  3573 | D:4      | 3573 ||| STAIRDANCE
  3578 | D:4      | 3578 ||| FLEEEEING.
  3579 | D:4      | 3579 ||| STAIRDANCE
  3586 | D:4      | 3586 ||| FLEEEEING.
  3588 | D:4      | 3588 ||| STAIRDANCE
  3595 | D:4      | 3595 ||| STAIRDANCE
  3657 | Temple   | Entered the Ecumenical Temple
  3736 | Temple   | 3736 ||| PLANNING D:1-11
  3758 | D:4      | Found a snail-covered altar of Cheibriados.
  3765 | D:4      | Found an ornate altar of the Wu Jian Council.
  3798 | D:4      | Found a large runed translucent door.
  3799 | D:4      | Found a large runed translucent door.
  3818 | D:4      | Reached XP level 7. HP: 34/44 MP: 7/7
  4246 | D:4      | 4246 ||| Stepping ~*~*~tactically~*~*~ (water).
  4322 | D:4      | Noticed qw's ghost (amateur GrFi)
  4438 | D:4      | Found an opulent altar of Gozag.
  4480 | D:4      | 4480 ||| DROPPING +6 ring of intelligence.
  4481 | D:4      | 4481 ||| READING scroll labelled OFEYWYE FIGUD.
  4482 | D:4      | 4482 ||| READING scroll labelled CAPYZXE DUHAQ.
  4483 | D:4      | 4483 ||| READING 2 scrolls of identify.
  4483 | D:4      | 4483 ||| IDENTIFYING blue potion
  4505 | D:5      | Entered Level 5 of the Dungeon
  4625 | D:5      | Reached skill level 6 in Axes
  5137 | D:5      | Noticed Sigmund
  5151 | D:5      | Killed Sigmund
  5152 | D:5      | Reached skill level 7 in Axes
  5152 | D:5      | Reached XP level 8. HP: 25/50 MP: 8/8
  5339 | D:5      | Reached skill level 1 in Dodging
  5480 | D:5      | 5480 ||| UPGRADING to ring of protection from cold.
  5481 | D:5      | 5481 ||| READING scroll labelled CAGGAROCSA.
  5482 | D:5      | 5482 ||| READING 2 scrolls of identify.
  5482 | D:5      | 5482 ||| IDENTIFYING viscous amethyst potion
  5483 | D:5      | 5483 ||| DROPPING potion of invisibility.
  5550 | D:6      | 5550 ||| Stepping ~*~*~tactically~*~*~ (stealth).
  5553 | D:6      | 5553 ||| Stepping ~*~*~tactically~*~*~ (hiding).
  5554 | D:6      | 5554 ||| Stepping ~*~*~tactically~*~*~ (hiding).
  5807 | D:6      | Reached skill level 8 in Axes
  6078 | D:6      | 6078 ||| DROPPING +0 flail.
  6161 | D:6      | Found a shimmering blue altar of Sif Muna.
  6168 | D:6      | 6168 ||| READING scroll of enchant weapon.
  6168 | D:6      | 6168 ||| ENCHANTING +1 war axe.
  6199 | D:6      | 6199 ||| Stepping randomly (stuck).
  6200 | D:6      | 6200 ||| Stepping randomly (stuck).
  6201 | D:6      | 6201 ||| Stepping randomly (stuck).
  6202 | D:6      | 6202 ||| Stepping randomly (stuck).
  6203 | D:6      | 6203 ||| Stepping randomly (stuck).
  6236 | D:6      | Reached skill level 6 in Fighting
  6236 | D:6      | 6236 ||| Stepping ~*~*~tactically~*~*~ (stealth).
  6258 | D:6      | HP: 13/52 [killer bee (5)]
  6259 | D:6      | Reached XP level 9. HP: 14/56 MP: 9/9
  6259 | D:6      | 6259 ||| DRINKING 2 potions of heal wounds.
  6473 | D:6      | Found a glowing golden altar of the Shining One.
  6659 | D:6      | Reached skill level 9 in Axes
  6668 | D:6      | 6668 ||| Stepping ~*~*~tactically~*~*~ (stealth).
  6675 | D:6      | 6675 ||| Stepping ~*~*~tactically~*~*~ (stealth).
  6676 | D:6      | 6676 ||| Stepping ~*~*~tactically~*~*~ (stealth).
  6678 | D:6      | 6678 ||| Stepping ~*~*~tactically~*~*~ (stealth).
  6718 | D:6      | Found a runed translucent door.
  6719 | D:6      | Noticed Crazy Yiuf
  6814 | D:6      | 6814 ||| UPGRADING to +4 ring of protection.
  6815 | D:6      | 6815 ||| READING scroll labelled QETIUR LUJAO.
  6849 | D:6      | 6849 ||| READING scroll labelled ZID AB CYDY.
  7203 | D:7      | 7203 ||| Stepping ~*~*~tactically~*~*~ (stealth).
  7207 | D:7      | 7207 ||| Stepping ~*~*~tactically~*~*~ (stealth).
  7218 | D:7      | Reached skill level 1 in Throwing
  7316 | D:7      | 7316 ||| DROPPING +2 flail.
  7343 | D:7      | Found a stormy altar of Qazlal.
  7344 | D:7      | 7344 ||| DRINKING 5 potions of curing.
  7344 | D:7      | 7344 ||| (to cure confusion)
  7674 | D:8      | Found Qoxt's Weapon Boutique.
  7703 | D:8      | Found a shimmering altar of Xom.
  7751 | D:8      | Found a staircase to the Lair.
  7755 | D:8      | HP: 11/56 [yak (9)]
  7756 | D:8      | 7756 ||| DRINKING potion of heal wounds.
  7758 | D:8      | HP: 5/56 [yak (5)]
  7759 | D:8      | Mangled by a wyvern

Levels and vault maps discovered:
D:1:      minmay_arrival_diagonal_passages, layout_basic, serial_forest,
          infiniplex_forest_lined_corner, infiniplex_forest_fountain,
          infiniplex_forest_clump_C, infiniplex_forest_clump_tiny,
          infiniplex_forest_clump_tiny, infiniplex_forest_pool,
          infiniplex_forest_end_2, grunt_decor_arrowhead
D:2:      layout_basic
D:3:      layout_basic, minmay_circle_x, uniq_robin, uniq_grinder
D:4:      layout_basic, lemuel_coloured_pillars_altar,
          mainiacjoe_overflow_catwalk_spiral, minmay_temple_entry_mist,
          ebering_ghost_disaster_area
D:5:      layout_gridville, uniq_sigmund
D:6:      layout_basic, mainiacjoe_overflow_alcove_1, amcnicky_altar_gilded,
          minmay_misc_feat_more_columns, uniq_crazy_yiuf_cottage
D:7:      layout_cave_pods, old_standard_altar
D:8:      layout_basic, lemuel_crystal_altar, evilmike_ruin_ashenzari,
          nemelex_spade_bored_becter, okawaru_altar_gauntlet_db,
          minmay_lair_entry_grove, serial_shops, nicolae_shop_hallway_stairs,
          nicolae_shop_window_shopping, kennysheep_mini_moat, uniq_amaemon
Temple:   jpeg_temple_clearing

Skill      XL: |  1  2  3  4  5  6  7  8  9 |
---------------+----------------------------+-----
Axes           | 2 3 4 5 7 8 9 |  9.1
Fighting       | 5 6 |  6.4
Armour         | 4 5 |  5.7
Dodging        | 1 |  1.1
Shields        | 4 |  4.0
Throwing       | 2 |  2.2

Action                   |  1- 3 |  4- 6 |  7- 9 || total
-------------------------+-------+-------+-------++-------
Melee: War axe           |    63 |   179 |   240 ||   482
Throw: Javelin           |       |       |     4 ||     4
  Use: Scroll            |     3 |     5 |     8 ||    16
       Potion            |       |     4 |     3 ||     7
Armor: Scale mail        |    18 |       |       ||    18
       Plate armour      |    10 |   158 |   179 ||   347
Dodge: Dodged            |    25 |    59 |    80 ||   164
Block: Buckler           |    10 |    25 |    61 ||    96

Table legend:
 A = Non-vault XP
 B = Vault XP
 C = Vault XP percentage of total XP
 D = Non-vault monster count
 E = Vault monster count
 F = Vault count percentage of total count
                 A         B        C        D         E       F
            +---------+---------+-------+---------+---------+-------
      Total |    2858 |     773 |  21.3 |     116 |      21 |  15.3
            +---------+---------+-------+---------+---------+-------
        D:1 |      26 |       0 |   0.0 |      17 |       0 |   0.0
        D:2 |     142 |       0 |   0.0 |      25 |       0 |   0.0
        D:3 |      39 |     325 |  89.3 |      17 |      19 |  52.8
        D:4 |     148 |       0 |   0.0 |      17 |       0 |   0.0
        D:5 |     566 |     239 |  29.7 |       8 |       1 |  11.1
        D:6 |    1243 |       0 |   0.0 |      21 |       0 |   0.0
        D:7 |     694 |       0 |   0.0 |      11 |       0 |   0.0
        D:8 |       0 |     209 | 100.0 |       0 |       1 | 100.0
            +---------+---------+-------+---------+---------+-------
